 Dungeon Crawl Stone Soup version 0.25.1-8-g42b30a86e7 (webtiles) character file.

Game seed: 5973519431040051860

1911 Kives the Cleaver (level 9, -5/72 HPs)
             Began as a Hill Orc Berserker on Dec 14, 2020.
             Was a Priest of Trog.
             Slain by a four-headed hydra (12 damage)
             ... on level 7 of the Dungeon.
             The game lasted 00:35:33 (7505 turns).

Kives the Cleaver (Hill Orc Berserker)              Turns: 7505, Time: 00:35:34

Health: -5/72      AC: 13    Str: 22    XL:     9   Next: 16%
Magic:  9/9        EV:  8    Int:  5    God:    Trog [***...]
Gold:   153        SH:  0    Dex: 13    Spells: 8/8 levels left

rFire    + . .     SeeInvis .   b - +0 flail
rCold    . . .     Gourm    .   (no shield)
rNeg     . . .     Faith    .   r - +0 chain mail {rF+}
rPois    .         Spirit   .   q - +2 hat
rElec    .         Reflect  .   (no cloak)
rCorr    .         Harm     .   y - +0 pair of gloves (curse)
MR       ++...                  l - +0 pair of boots
Stlth    ..........             (no amulet)
HPRegen  1.22/turn              (no ring)
MPRegen  0.11/turn              (no ring)

@: very slightly contaminated, regenerating
A: dopey 1, strong 1
a: Berserk, Trog's Hand, Renounce Religion


You were on level 7 of the Dungeon.
You worshipped Trog.
Trog was most pleased with you.
You were not hungry.

You visited 1 branch of the dungeon, and saw 7 of its levels.
You also visited: Sewer.

You collected 273 gold pieces.
You spent 120 gold pieces at shops.

Inventory:

Hand Weapons
 a - a +0 hand axe
 b - a +0 flail (weapon)
 z - a +1 whip of venom
Missiles
 d - 175 stones
 n - 8 boomerangs
 p - 8 boomerangs of dispersal
 t - 3 poisoned darts (quivered)
 C - a throwing net
Armour
 l - a +0 pair of boots (worn)
 q - a +2 hat (worn)
 r - a +0 chain mail of fire resistance (worn)
 s - a +0 plate armour
 y - a cursed +0 pair of gloves (worn)
Wands
 j - a wand of digging (6)
 x - a wand of acid (13)
Scrolls
 e - 2 scrolls of blinking
 f - 3 scrolls of teleportation
 i - 6 scrolls of identify
 w - 2 scrolls of remove curse
 A - a scroll of noise
Potions
 g - 2 potions of flight
 h - a potion of magic
 k - 3 potions of mutation
 m - 3 potions of curing
 o - 3 potions of brilliance
 u - a potion of heal wounds
 v - a potion of might
Comestibles
 c - 13 rations


   Skills:
 + Level 4.6 Fighting
 - Level 14.0 Axes
 + Level 1.9 Throwing
 + Level 3.3 Armour
 - Level 1.5 Dodging


You had 8 spell levels left.
You didn't know any spells.
Your spell library was empty.

Dungeon Overview and Level Annotations

Branches:
Dungeon (7/15)             Temple (0/1) D:7           Sewer (visited)

Altars:
Dithmenos
Fedhas
Gozag
Hepliaklqana
Kikubaaqudgha
Nemelex Xobeh
Uskayaw
Vehumet
Zin
The Shining One

Shops:
D:4 (

Annotations:
D:5 2 runed translucent doors, TreeFish's ghost, novice HuCj
D:7 4 transporters


Innate Abilities, Weirdness & Mutations

You are dopey. (Int -2)
Your muscles are strong. (Str +2)


Message History

The four-headed hydra is severely wounded.
The four-headed hydra bites you but does no damage. x3
The four-headed hydra bites you!
Items here: ) ? [ † a +0 dagger; a +0 ring mail; a scroll of blinking; an orc corpse You sock the four-headed hydra!
The four-headed hydra is severely wounded.
You flicker back into view.
The four-headed hydra bites you. x2; The four-headed hydra bites you!
* * * LOW HITPOINT WARNING * * *
The four-headed hydra closely misses you.
Your skin crawls.
You feel resistant to hostile enchantments.
You feel quite a bit more hungry.
The four-headed hydra barely misses you.
The four-headed hydra bites you.
* * * LOW HITPOINT WARNING * * *
The four-headed hydra bites you but does no damage.
The four-headed hydra bites you!
You die...

####...#...# #.# #.#
.....####.o# ###.###
#.# ###### ##.#
####### #.# #.#
#.####⌠.⌠#####.# #.#
#..o.'.>.#.....#
##)#
######⌠.⌠####..#
#..# ###'###
#.###.## ###D###
#.##..# #@# ##.##.##
############ #.#
#..##.#
#..........#####)###
#..##.#
#.#########...##...#
#..##.# #.#
#...###.## #..##.#
#.#
#...##..####..##.#
#.#
#.............##.#
#.#
#..###.#####.##..#
#.# #..# #.# #.##.##


You could see a four-headed hydra.

Vanquished Creatures
  Sigmund (D:5)
  An orc warrior (D:6)
  2 phantoms (D:5)
  3 sky beasts
  2 big kobolds
  4 bullfrogs (D:6)
  A water moccasin zombie (D:5)
  A scorpion (D:6)
  A bullfrog zombie (D:7)
  2 jellies
  2 orc priests (D:4)
  2 bullfrog skeletons (D:7)
  3 hounds
  2 iguanas (D:6)
  3 orc wizards
  5 worker ants
  A hound skeleton (D:5)
  A worker ant zombie (D:5)
  A river rat (Sewer)
  An adder (D:5)
  An adder zombie (D:5)
  2 adder skeletons
  3 worms
  3 dart slugs
  7 leopard geckos
  23 orcs
  A ball python (D:4)
  6 giant cockroaches
  3 goblins
  3 hobgoblins
  5 jackals
  2 quokkas
  3 bats (D:1)
  4 frilled lizards
  A jackal zombie (D:6)
  7 kobolds
  6 rats
119 creatures vanquished.

Notes
Turn   | Place    | Note
-------+----------+-------------------------------------------
     0 | D:1      | Kives the Hill Orc Berserker began the quest for the Orb.
     0 | D:1      | Reached XP level 1. HP: 19/19 MP: 1/1
   170 | D:1      | Reached XP level 2. HP: 9/26 MP: 2/2
   464 | D:1      | Reached skill level 5 in Axes
  1121 | D:2      | Found an opulent altar of Gozag.
  1193 | D:2      | Found a shadowy altar of Dithmenos.
  1283 | D:2      | Reached XP level 3. HP: 8/31 MP: 3/3
  2739 | D:3      | Reached skill level 6 in Axes
  3081 | D:4      | Found a glowing drain.
  3126 | D:4      | Reached XP level 4. HP: 37/39 MP: 4/4
  3214 | Sewer    | Entered a sewer
  3222 | Sewer    | Reached ** piety under Trog
  3280 | Sewer    | Noticed a big kobold
  3296 | Sewer    | Killed a big kobold
  3296 | Sewer    | Reached skill level 7 in Axes
  3296 | Sewer    | Reached XP level 5. HP: 36/45 MP: 5/5
  3319 | Sewer    | Found a glowing silver altar of Zin.
  3399 | Sewer    | Gained mutation: You are dopey. (Int -2) [potion of
                  | mutation]
  3399 | Sewer    | Gained mutation: Your muscles are strong. (Str +2) [potion
                  | of mutation]
  3440 | D:4      | Found Yqees's Weapon Shoppe.
  3669 | D:4      | Reached skill level 8 in Axes
  4042 | D:4      | Reached XP level 6. HP: 51/51 MP: 6/6
  4174 | D:4      | Found a glowing golden altar of the Shining One.
  4190 | D:4      | Found a hazy altar of Hepliaklqana.
  4204 | D:4      | Reached skill level 9 in Axes
  4412 | D:5      | Entered Level 5 of the Dungeon
  4602 | D:5      | Found a runed translucent door.
  4614 | D:5      | Reached skill level 10 in Axes
  4646 | D:5      | Noticed TreeFish's ghost (novice HuCj)
  4665 | D:5      | Reached XP level 7. HP: 57/57 MP: 7/7
  4750 | D:5      | Reached *** piety under Trog
  4842 | D:5      | Reached skill level 11 in Axes
  4998 | D:4      | Bought 8 boomerangs of dispersal for 120 gold pieces
  5296 | D:5      | Reached skill level 12 in Axes
  5296 | D:5      | Reached XP level 8. HP: 58/64 MP: 8/8
  5469 | D:5      | Found a runed translucent door.
  5563 | D:5      | Noticed Sigmund
  5577 | D:5      | Killed Sigmund
  5682 | D:6      | Reached skill level 13 in Axes
  6518 | D:6      | Found a radiant altar of Vehumet.
  6520 | D:6      | Found an ancient bone altar of Kikubaaqudgha.
  6520 | D:6      | Found a sparkling altar of Nemelex Xobeh.
  6520 | D:6      | Found a blossoming altar of Fedhas.
  6528 | D:6      | Reached skill level 14 in Axes
  6538 | D:6      | Found a hide-covered altar of Uskayaw.
  6542 | D:6      | Found a glowing silver altar of Zin.
  6603 | D:7      | Reached skill level 1 in Throwing
  6603 | D:7      | Reached XP level 9. HP: 71/71 MP: 9/9
  6631 | D:7      | Found a transporter.
  6635 | D:7      | Found a transporter.
  6673 | D:7      | Found a transporter.
  6707 | D:7      | Noticed a four-headed hydra
  6947 | D:7      | Found a transporter.
  7105 | D:7      | Found a staircase to the Ecumenical Temple.
  7505 | D:7      | Slain by a four-headed hydra

Illustrated notes

Levels and vault maps discovered:
D:1:      minmay_arrival_stair_chambers, layout_basic
D:2:      layout_basic, grunt_dithmenos_smoke, nicolae_overflow_crystal_walls
D:3:      layout_loops_corners, first_ration
D:4:      layout_basic, overflow_temple_1_default, overflow_temple_1_default,
          serial_shops, shop, portal_sewer_entry_f, kennysheep_boxes
D:5:      layout_gridville, ebering_ghost_sewer_f, uniq_sigmund
D:6:      layout_basic, minmay_overflow_temple_hex, minmay_microvault
D:7:      gammafunk_the_bubble [the_bubble_gammafunk_roulette],
          layout_loops_ring, temple_doors_e, kb_rosetta

Skill      XL: |  1  2  3  4  5  6  7  8  9 |
---------------+----------------------------+-----
Axes           | 5 6 7 8 10 12 14 | 14.0
Fighting       | 4 |  4.6
Throwing       | 1 |  1.9
Armour         | 3 |  3.3
Dodging        | |  1.5

Action                   |  1- 3 |  4- 6 |  7- 9 || total
-------------------------+-------+-------+-------++-------
Melee: Hand axe          |   134 |   148 |   268 ||   550
       Flail             |       |       |    12 ||    12
Throw: Stone             |     9 |     6 |     8 ||    23
       Dart              |     4 |    12 |    11 ||    27
       Boomerang         |     1 |     3 |    61 ||    65
Invok: Berserk           |     1 |     1 |     2 ||     4
       Trog's Hand       |       |       |     2 ||     2
  Use: Scroll            |     6 |     1 |     4 ||    11
       Potion            |       |     6 |     2 ||     8
 Stab: Invisible         |       |       |     3 ||     3
  Eat: Chunk             |     6 |     8 |     9 ||    23
       Ration            |       |       |     1 ||     1
Armor: Animal skin       |    27 |     6 |       ||    33
       Chain mail        |       |    27 |   110 ||   137
Dodge: Dodged            |    79 |    61 |    67 ||   207
